 Seeded DCSS version 0.29-a0-344-ge2f44be95a (webtiles) character file.

Game seed: 1450950038153131384 (custom seed)

65 zeratav the Firebug (level 4, 0/27 HPs)
             Began as an Octopode Fire Elementalist on Apr 21, 2022.
             Succumbed to an adder's poison
             ... on level 2 of the Dungeon.
             The game lasted 00:03:18 (1801 turns).

zeratav the Firebug (Octopode Fire Elementalist)    Turns: 1801, Time: 00:03:19

Health: 0/27       AC:  1    Str:  6 (7)  XL:     4   Next: 13%
Magic:  5/7        EV: 13    Int: 17 (19) God:
Gold:   42         SH:  0    Dex: 15 (18) Spells: 5/8 levels left

rFire   . . .      SeeInvis .   m - +1 dagger (venom) {short}
rCold   . . .      Faith    .   (no shield)
rNeg    . . .      Spirit   .   (helmet restricted)
rPois   .          Reflect  .   (no amulet)
rElec   .          Harm     .   k - +6 ring of dexterity
rCorr   .          Rampage  .   (no ring)
Will    .....                   (no ring)
Stlth   +++.......              (no ring)
HPRegen 0.09/turn               (no ring)
MPRegen 0.10/turn               (no ring)
                                (no ring)
                                (no ring)

@: lethally poisoned (0 -> -3), on berserk cooldown, hasted and slowed
A: almost no armour, amphibious, 8 rings, camouflage 1, gelatinous body 1,
(nimble swimmer 1), tentacles
a: no special abilities


You were on level 2 of the Dungeon.
You visited 1 branch of the dungeon, and saw 2 of its levels.

You collected 42 gold pieces.


Innate Abilities, Weirdness & Mutations

You cannot wear most types of armour.
You are amphibious.
You can wear up to eight rings at the same time.
Your skin changes colour to match your surroundings (Stealth+).
Your rubbery body absorbs attacks. (AC +1, EV +1)
((You are camouflaged when in or above water. (Stealth+)))
You have tentacles for arms and can constrict up to eight enemies at once.


   Skills:
 - Level 2.0 Dodging
 - Level 2.6 Stealth
 + Level 2.5 Spellcasting
 + Level 2.3 Conjurations
 * Level 3.9 Fire Magic


You had 5 spell levels left.
You knew the following spells:

 Your Spells              Type           Power      Damage    Failure   Level
a - Foxfire               Conj/Fire      48%        2x1d6     4%          1
b - Scorch                Fire           30%        2d7       5%          2

Your spell library contained the following spells:

 Spells                   Type           Power      Damage    Failure   Level
 Conjure Flame            Conj/Fire      12%        6-21      16%         3
 Inner Flame              Hex/Fire       8%         N/A       24%         3
 Flame Wave               Conj/Fire      12%        2d6       45%         4
 Portal Projectile        Hex/Tloc       4%         N/A       50%         3
 Fireball                 Conj/Fire      6%         3d5       80%         5
 Blade Hands              Tmut           1%         N/A       99%         5
 Excruciating Wounds      Necr           1%         N/A       99%         5
 Starburst                Conj/Fire      6%         6d4       100%        6
 Ignition                 Fire           7%         3d5       100%        8

Inventory:

Hand Weapons
 m - a +1 dagger of venom (weapon) {short}
   (You took it off a kobold on level 2 of the Dungeon)
Jewellery
 k - a +6 ring of dexterity (left tentacle)
   (You found it on level 1 of the Dungeon)
Scrolls
 c - a scroll of teleportation {unknown}
 f - 2 scrolls of enchant armour {unknown}
 g - 2 scrolls of identify {unknown}
Potions
 a - a potion of magic
 b - a potion of invisibility {unknown}
 d - a potion of berserk rage {!q}
 i - a potion of flight {unknown}
 l - a potion of attraction {unknown}

Dungeon Overview and Level Annotations

Branches:
Dungeon (2/15)

Altars:

.###########.......#######.
..............>....##.....<
#............###.#+##.#.###
#...........)#........#....
#............#........#####
#.....†......#.............
.
#............##.....†.#####
..###.#######.#######.##.#
.............@# #.##.##
..............# #.....#
.........†....# #######
.........†....#
........†.....#
#....)........#
#.............#
....).#.........
.....##..........


There were no monsters in sight!


Message History

You lost 2 mp, and now have 4/6 mp.
A kobold comes into view. It is wielding a +0 dagger.
A kobold comes into view. It is wielding a +0 dagger.
Flames lash the kobold.
You kill the kobold!
MP[-2]
You lost 2 mp, and now have 2/6 mp.
An adder comes into view.
Flames lash the kobold.
You kill the kobold!
MP[-2]
You lost 2 mp, and now have 0/6 mp.
An endoplasm comes into view.
MP[+1]
The endoplasm quivers.
You barely miss the adder. You grab the adder. You constrict the adder.
The adder bites you.
HP[-2]
You take 2 damage, and now have 19/21 hp.
You hit the adder.
The adder is poisoned.
You constrict the adder. The adder barely misses you.
You hit the adder.
The adder looks as sick as possible!
You squeeze the adder.
You kill the adder!
You see here an adder corpse.
You hit the endoplasm but do no damage.
The endoplasm is poisoned.
The endoplasm misses you.
You hit the endoplasm. The endoplasm misses you.
You hit the endoplasm.
The endoplasm looks even sicker.
You squeeze the endoplasm, but do no damage.
You kill the endoplasm!
You start resting.
HP[+2] MP[+2]
Your hp is fully restored (21).
You regained 2 mp, and now have 3/6 mp.
You start resting.
An adder comes into view.
MP[+1]
The adder misses you. x2
You see here a bat corpse.
You miss the adder. Your grab misses the adder. The adder closely misses you.
You hit the adder but do no damage.
The adder is poisoned.
Your grab misses the adder. The adder barely misses you.
You hit the adder. Your grab misses the adder. The adder bites you.
You are poisoned.
The adder poisons you! The adder bites you.
You are more poisoned.
The adder poisons you!
HP[-5]
You take 5 damage, and now have 16/21 hp.
MASSIVE DAMAGE!! (PAUSE)
You hit the adder. Your grab misses the adder.
You feel very sick. The adder bites you.
* * * LOW HITPOINT WARNING * * *
You are more poisoned.
The adder poisons you!
HP[-7]
You take 7 damage, and now have 9/21 hp.
MASSIVE DAMAGE!! (PAUSE)
You miss the adder. Your grab misses the adder.
* * * LOW HITPOINT WARNING * * *
You feel very sick.
You kill the adder!
You have reached level 4!
HP[-2] MP[+1]
You now have 27 max hp (+6).
It was a potion of haste.
You feel yourself speed up.
* * * LOW HITPOINT WARNING * * *
You feel sick.
HP[-2]
You take 2 damage, and now have 5/27 hp.
It was a potion of berserk rage.
A red film seems to cover your vision as you go berserk!
You feel yourself moving faster!
You feel mighty!
* * * LOW HITPOINT WARNING * * *
You feel sick.
HP[+1]
You now have 40 max hp (+13).
You feel a strong urge to attack something.
* * * LOW HITPOINT WARNING * * *
You feel sick.
HP[-1]
You take 1 damage, and now have 5/40 hp.
* * * LOW HITPOINT WARNING * * *
You feel sick.
HP[-1]
You take 1 damage, and now have 4/40 hp.
You feel your anger nearly subside.
* * * LOW HITPOINT WARNING * * *
You feel sick.
You are no longer berserk.
You are exhausted.
You feel yourself slow down.
* * * LOW HITPOINT WARNING * * *
You feel sick.
HP[-3]
You now have 27 max hp (-13).
It was a potion of degeneration.
There was something very wrong with that liquid.
You feel weakened.
You feel dopey.
You feel clumsy.
You die...

Skill      XL: |  1  2  3 |
---------------+----------+-----
Conjurations   | 2 |  2.3
Dodging        | |  2.0
Stealth        | |  2.6
Spellcasting   | |  2.5
Fire Magic     | |  3.9

Action                   |  1- 3 |  4- 6 || total
-------------------------+-------+-------++-------
Melee: Unarmed           |    18 |       ||    18
       Constrict         |     8 |       ||     8
       Tentacles         |     6 |       ||     6
       Whip              |     9 |       ||     9
       Dagger            |    12 |       ||    12
 Cast: Foxfire           |     5 |       ||     5
       Scorch            |    24 |       ||    24
  Use: Potion            |       |     3 ||     3
Dodge: Dodged            |    26 |       ||    26

Levels and vault maps discovered:
D:1:      minmay_arrival_three_doors, layout_loops_corners
D:2:      cheibrodos_helix_gallery, layout_basic,
          nicolae_ecumenical_lake_church, kennysheep_nub

Notes
Turn   | Place    | Note
-------+----------+-------------------------------------------
     0 | D:1      | zeratav the Octopode Fire Elementalist began the quest for
                  | the Orb.
     0 | D:1      | Reached XP level 1. HP: 11/11 MP: 3/3
     0 | D:1      | magus.rc [v1.9.6]
   465 | D:1      | Reached XP level 2. HP: 17/17 MP: 5/5
   475 | D:1      | Learned a level 2 spell: Scorch
   746 | D:1      | You pick up a book of Fire and begin reading...
   746 | D:1      | You add the spells Fireball, Starburst and Ignition to your
                  | library.
  1243 | D:1      | Reached XP level 3. HP: 21/21 MP: 1/6
  1428 | D:1      | Reached skill level 2 in Conjurations
  1505 | D:1      | You pick up a book of Weapons and begin reading...
  1505 | D:1      | You add the spells Portal Projectile, Excruciating Wounds
                  | and Blade Hands to your library.
  1795 | D:2      | Reached XP level 4. HP: 7/27 MP: 5/7
  1795 | D:2      | HP: 5/27 [poisoned by an adder]
  1800 | D:2      | HP: 1/27 [poisoned by an adder]
  1801 | D:2      | Succumbed to an adder's poison

Vanquished Creatures
  3 adders (D:2)
  A dart slug (D:1)
  2 bats
  4 endoplasms
  2 giant cockroaches (D:1)
  A goblin (D:1)
  3 hobgoblins (D:1)
  5 jackals (D:1)
  5 kobolds
  3 ball pythons
  2 frilled lizards (D:1)
  2 rats (D:1)
33 creatures vanquished.

Vanquished Creatures (others)
  8 foxfires (D:1)
8 creatures vanquished.

Grand Total: 41 creatures vanquished

Table legend:
 A = Non-vault XP
 B = Vault XP
 C = Vault XP percentage of total XP
 D = Non-vault monster count
 E = Vault monster count
 F = Vault count percentage of total count
                 A         B        C        D         E       F
            +---------+---------+-------+---------+---------+-------
      Total |      78 |      15 |  16.1 |      31 |       2 |   6.1
            +---------+---------+-------+---------+---------+-------
        D:1 |      41 |       0 |   0.0 |      23 |       0 |   0.0
        D:2 |      37 |      15 |  28.8 |       8 |       2 |  20.0
            +---------+---------+-------+---------+---------+-------

Illustrated notes

Table legend:
 A = Kills in this place as a percentage of kills in entire the game.
 B = Kills by you in this place as a percentage of kills by you in the entire game.
 C = Kills by friends in this place as a percentage of kills by friends in the entire game.
 D = Other kills in this place as a percentage of other kills in the entire game.
 E = Experience gained in this place as a percentage of experience gained in the entire game.
 F = Experience gained in this place divided by the number of levels of this place that you have seen.
                   A       B       C       D       E      F
               +-------+-------+-------+-------+-------+----------------------
         Total | 100.0 | 100.0 |   N/A |   N/A | 100.0 |  46.5
       Dungeon | 100.0 | 100.0 |   N/A |   N/A | 100.0 |  46.5
               +-------+-------+-------+-------+-------+----------------------

Table legend: (Time is in decaauts)
 A = Elapsed time spent in this place.
 B = Non-inter-level travel time spent in this place.
 C = Inter-level travel time spent in this place.
 D = Time resting spent in this place.
 E = Time spent auto-exploring this place.
 F = Levels seen in this place.
 G = Mean time per level.
                   A        B        C        D        E       F      G
               +--------+--------+--------+--------+--------+-----+--------+
         Total |   1798 |   1792 |      6 |    410 |   1158 |   2 |  899.0 |
       Dungeon |   1798 |   1792 |      6 |    410 |   1158 |   2 |  899.0 |
               +--------+--------+--------+--------+--------+-----+--------+

Top non-repeatable levels by time:
     D:1: 1539 daAuts
     D:2: 258 daAuts
